 Dungeon Crawl Stone Soup version 0.26-a0-738-g91b530ce93 (webtiles) character file.

Game seed: 18205073727131535397

39 JamesBald the Slasher (level 3, -4/46 HPs)
             Began as a Draconian Berserker on Nov 5, 2020.
             Was a Follower of Trog.
             Slain by a gnoll
             ... wielding a +0 club
              (5 damage)
             ... on level 2 of the Dungeon.
             The game lasted 00:02:48 (1322 turns).

JamesBald the Slasher (Draconian Berserker)         Turns: 1322, Time: 00:02:49

Health: -4/46      AC:  5    Str: 19    XL:     3   Next: 26%
Magic:  3/3        EV: 13    Int:  7    God:    Trog [*.....]
Gold:   169        SH:  0    Dex: 11    Spells: 2/2 levels left

rFire    . . .     SeeInvis .   a - +0 falchion
rCold    . . .     Faith    .   (no shield)
rNeg     . . .     Spirit   .   (armour unavailable)
rPois    .         Reflect  .   (helmet restricted)
rElec    .         Harm     .   (no cloak)
rCorr    .         Rampage  .   (no gloves)
MR       .....                  (no boots)
Stlth    ..........             (no amulet)
HPRegen  0.15/turn              (no ring)
MPRegen  0.08/turn              (no ring)

@: berserking (expiring), very quick
A: unfitting armour, cold-blooded, AC +5
a: Berserk, Renounce Religion


You were on level 2 of the Dungeon.
You worshipped Trog.
Trog was aware of your devotion.
You visited 1 branch of the dungeon, and saw 2 of its levels.

You collected 169 gold pieces.

Inventory:

Hand Weapons
 a - a +0 falchion (weapon)
 e - a +1 dagger of venom
Armour
 f - a +1 helmet of intelligence
Scrolls
 c - 2 scrolls of teleportation {unknown}
Potions
 b - a potion of mutation {unknown}
 d - 2 potions of magic {unknown}
 g - a potion of ambrosia {unknown}


   Skills:
 + Level 3.5 Fighting
 * Level 3.9 Long Blades
 + Level 3.1 Dodging
 + Level 0.1 Stealth


You had 2 spell levels left.
You didn't know any spells.
Your spell library contained the following spells:

 Spells                   Type           Power        Failure   Level
 Ignite Poison            Fire/Tmut/Pois #.......     80%         3
 Fireball                 Conj/Fire      #.........   100%        5
 Starburst                Conj/Fire      #.........   100%        6
 Ignition                 Fire           #.........   100%        8


Dungeon Overview and Level Annotations

Branches:
Dungeon (2/15)

Altars:


Innate Abilities, Weirdness & Mutations

Your plain brown scales are hard. (AC +5)
You cannot fit into any form of body armour.
You are cold-blooded and may be slowed by cold attacks.


Message History

You kill the goblin!
Trog accepts your kill.
You slash the hobgoblin!
You kill the hobgoblin!
Trog accepts your kill.
The hobgoblin hits you but does no damage.
The gnoll hits you from afar with a +0 spear!
* * * LOW HITPOINT WARNING * * *
You slash the hobgoblin!
You kill the hobgoblin!
Trog accepts your kill.
g - a lumpy coppery potion
Items here: )) [[ †.
You feel a strong urge to attack something.
You barely miss the gnoll. The gnoll hits you with a +0 club.
* * * LOW HITPOINT WARNING * * *
The gnoll barely misses you.
You barely miss the gnoll. You barely miss the gnoll.
The gnoll hits you with a +0 club.
You die...

... #..#..†..##########
##..##..##...###########
#......................
#..##.#.##g#.###.######
... ..#g##g#.# #.# # #
#g##.#.###.######
#.####g##.#..........#
#....g#)#.#.########.#
#....@).).#.# #.#
#.#########.# #.. #<.
#.. #.. #.. #.. #.. ...


You could see 3 gnolls and a goblin.

Vanquished Creatures
  Robin (D:2)
  A worm (D:2)
  A dart slug (D:2)
  2 bats
  8 goblins
  4 hobgoblins
  3 kobolds
  A rat (D:2)
21 creatures vanquished.

Notes
Turn   | Place    | Note
-------+----------+-------------------------------------------
     0 | D:1      | JamesBald the Draconian Berserker began the quest for the
                  | Orb.
     0 | D:1      | Reached XP level 1. HP: 19/19 MP: 1/1
  1070 | D:2      | Reached XP level 2. HP: 26/26 MP: 2/2
  1278 | D:2      | Noticed Robin
  1312 | D:2      | Killed Robin
  1312 | D:2      | Reached XP level 3. HP: 19/31 MP: 3/3
  1320 | D:2      | HP: 1/46 [gnoll/+0 club (3)]
  1322 | D:2      | Slain by a gnoll

Illustrated notes

Levels and vault maps discovered:
D:1:      kilobyte_arrival_exit_the_forest, layout_basic
D:2:      layout_loops_ring, chequers_ecumenical_altar_simple, uniq_robin

Skill      XL: |  1  2 |
---------------+-------+-----
Dodging        | 3 |  3.1
Fighting       | |  3.5
Long Blades    | |  3.9
Stealth        | |  0.1

Action                   || total
-------------------------++-------
Melee: Falchion          ||    45
       Tailslap          ||     4
Invok: Berserk           ||     1
Armor: Skin              ||    13
Dodge: Dodged            ||    33
       Rpst.: Falchion   ||     7

Table legend: (Time is in decaauts)
 A = Elapsed time spent in this place.
 B = Non-inter-level travel time spent in this place.
 C = Inter-level travel time spent in this place.
 D = Time resting spent in this place.
 E = Time spent auto-exploring this place.
 F = Levels seen in this place.
 G = Mean time per level.
                   A        B        C        D        E       F      G
               +--------+--------+--------+--------+--------+-----+--------+
         Total |   1327 |   1327 |      0 |      0 |   1011 |   2 |  663.5 |
       Dungeon |   1327 |   1327 |      0 |      0 |   1011 |   2 |  663.5 |
               +--------+--------+--------+--------+--------+-----+--------+

Top non-repeatable levels by time:
     D:1: 977 daAuts
     D:2: 350 daAuts
